 Dungeon Crawl Stone Soup version 0.28-a0-1524-ge72afd5fc6 (webtiles) character file.

Game seed: 3479989541827367003

8 HallandMoats the Skirmisher (level 2, -4/24 HPs)
             Began as a Demonspawn Fighter on Jan 18, 2022.
             Slain by a gnoll (10 damage)
             ... on level 1 of the Dungeon.
             The game lasted 00:00:37 (972 turns).

HallandMoats the Skirmisher (Demonspawn Fighter)     Turns: 972, Time: 00:00:38

Health: -4/24      AC:  6    Str: 16    XL:     2   Next: 0%
Magic:  2/2        EV:  8    Int:  9    God:
Gold:   42         SH:  4    Dex: 12    Spells: 1/1 levels left

rFire   + . .      SeeInvis .   b - +2 dagger (venom)
rCold   . . .      Faith    .   c - +0 buckler
rNeg    . . .      Spirit   .   h - +0 scale mail
rPois   .          Reflect  .   (no helmet)
rElec   .          Harm     .   (no cloak)
rCorr   .          Rampage  .   (no gloves)
Will    .....                   (no boots)
Stlth   ..........              (no amulet)
HPRegen 0.08/turn               e - ring of protection from fire
MPRegen 0.08/turn               (no ring)

@: no status effects
A: claws 1
a: no special abilities


You were on level 1 of the Dungeon.
You visited 1 branch of the dungeon, and saw 2 of its levels.

You collected 42 gold pieces.

Inventory:

Hand Weapons
 a - a +0 war axe
 b - a +2 dagger of venom (weapon)
Armour
 c - a +0 buckler (worn)
 h - a +0 scale mail (worn)
Jewellery
 e - a ring of protection from fire (left claw)
Scrolls
 f - 2 scrolls of blinking {unknown}
 g - 2 scrolls of identify {unknown}
Potions
 d - a potion of might
 i - a potion of mutation {unknown}


   Skills:
 * Level 3.2 Fighting
 * Level 2.0 Axes
 + Level 2.7 Armour
 + Level 0.1 Dodging
 + Level 2.7 Shields


You had one spell level left.
You didn't know any spells.
Your spell library was empty.

Dungeon Overview and Level Annotations

Branches:
Dungeon (2/15)

Altars:


Innate Abilities, Weirdness & Mutations

You have sharp fingernails.


Message History

There is an open door here.
Key pressed, stopping explore.
No target in view!
Found a mace.
No target in view!
Done exploring.
Done exploring.
Done exploring.
Done exploring.
No target in view!
(D) Dungeon
Where to? (? - help)
What level of the Dungeon? (default 1, ? - help)
There is a stone staircase leading down here.
You climb downwards.
There is a stone staircase leading up here.
Found 18 sling bullets.
Found a stone staircase leading up.
No target in view!
A gnoll comes into view. It is wielding a +0 spear.
The gnoll shouts!
You hear a shout!
A gnoll comes into view. It is wielding a +0 flail.
A gnoll comes into view. It is wielding a +0 club.
A gnoll comes into view. It is wielding a +0 spear.
The gnoll shouts! x2
Found a scroll labelled LYSKUL GOMICE.
There are monsters nearby!
There is a stone staircase leading up here.
The gnoll hits you from afar with a +0 spear.
The gnoll hits you from afar with a +0 spear.
You climb upwards.
There is a stone staircase leading down here.
You hit the gnoll.
The gnoll is poisoned.
The gnoll is moderately wounded.
The gnoll hits you with a +0 flail!
* * * LOW HITPOINT WARNING * * *
You hit the gnoll but do no damage.
The gnoll looks as sick as possible!
The gnoll is moderately wounded.
The gnoll hits you with a +0 flail!
You die...

......###.####...####.#
..#................##.#
..#..............#.##.#
..#..............#.##.#
..#############..#..#.#
..# #..##.#.# ..#
#..##.#.# ..# #..##.#.#
..# #g@##.#.# ..#
#####.#.# ..# #...#.#
..# #.###.# ### #.# #>#
#.# #.# #.# #.# #.# #.#
#.###(#


You could see a gnoll (extremely poisoned).

Vanquished Creatures
  A goblin (D:1)
  2 kobolds (D:1)
  A ball python (D:1)
  4 bats (D:1)
  A rat (D:1)
9 creatures vanquished.

Notes
Turn   | Place    | Note
-------+----------+-------------------------------------------
     0 | D:1      | HallandMoats the Demonspawn Fighter began the quest for the
                  | Orb.
     0 | D:1      | Reached XP level 1. HP: 18/18 MP: 1/1
   447 | D:1      | Gained mutation: You have sharp fingernails. [demonic
                  | ancestry]
   447 | D:1      | Reached XP level 2. HP: 24/24 MP: 2/2
   972 | D:1      | Slain by a gnoll

Illustrated notes

Levels and vault maps discovered:
D:1:      dpeg_arrival_short_road, layout_basic
D:2:      layout_loops_cross, ebering_ecumenical_altar_hall

Skill      XL: |  1 |
---------------+----+-----
Axes           | 2 |  2.0
Fighting       | |  3.2
Armour         | |  2.7
Dodging        | |  0.1
Shields        | |  2.7

Action                   || total
-------------------------++-------
Melee: War axe           ||    17
       Dagger            ||     3
Armor: Scale mail        ||    15
Dodge: Dodged            ||    13
Block: Buckler           ||     3

Table legend: (Time is in decaauts)
 A = Elapsed time spent in this place.
 B = Non-inter-level travel time spent in this place.
 C = Inter-level travel time spent in this place.
 D = Time resting spent in this place.
 E = Time spent auto-exploring this place.
 F = Levels seen in this place.
 G = Mean time per level.
                   A        B        C        D        E       F      G
               +--------+--------+--------+--------+--------+-----+--------+
         Total |    979 |    966 |     13 |      0 |    880 |   2 |  489.5 |
       Dungeon |    979 |    966 |     13 |      0 |    880 |   2 |  489.5 |
               +--------+--------+--------+--------+--------+-----+--------+

Top non-repeatable levels by time:
     D:1: 939 daAuts
     D:2: 39 daAuts
